 Dungeon Crawl Stone Soup version 0.20.1-1-g8b1a95d (webtiles) character file.

77 Schiappus the Chopper (level 4, -3/44 HPs)
             Began as a Troll Berserker on Nov 27, 2017.
             Was a Believer of Trog.
             Killed by divine providence
             ... invoked by an orc priest
              (10 damage)
             ... on level 3 of the Dungeon.
             The game lasted 00:08:36 (2090 turns).

Schiappus the Chopper (Troll Berserker)             Turns: 2090, Time: 00:08:37

Health: -3/44      AC:  5    Str: 26    XL:     4   Next: 14%
Magic:  3/3        EV: 11    Int:  3    God:    Trog [**....]
Gold:   110        SH:  0    Dex: 12    Spells: 3/3 levels left

rFire    . . .     SeeInvis .   a - +0 hand axe
rCold    . . .     Gourm    +   (no shield)
rNeg     . . .     Faith    .   b - +0 animal skin
rPois    .         Spirit   .   (helmet restricted)
rElec    .         Reflect  .   (no cloak)
rCorr    .         Harm     .   (gloves unavailable)
MR       .....     Rnd*Tele +   (boots unavailable)
Stlth    +.........             (no amulet)
Regen    0.6/turn               l - ring of teleportation (curse)
MPRegen  0.1/turn               m - +3 ring of dexterity

@: no status effects
A: unfitting armour, claws 3, fast metabolism 3, gourmand, regeneration 1,
shaggy fur 1, tough skin 2
a: Berserk, Trog's Hand, Burn Spellbooks, Renounce Religion


You were on level 3 of the Dungeon.
You worshipped Trog.
Trog was pleased with you.
You were not hungry.

You visited 1 branch of the dungeon, and saw 3 of its levels.

You collected 110 gold pieces.

Inventory:

Hand Weapons
 a - a +0 hand axe (weapon)
Armour
 b - a +0 animal skin (worn)
Jewellery
 l - a cursed ring of teleportation (left claw)
 m - a +3 ring of dexterity (right claw)
Scrolls
 e - a scroll of teleportation
Potions
 k - a potion of might
Comestibles
 c - 3 bread rations
 d - 6 chunks of flesh
 f - 3 fruits
 h - a meat ration


   Skills:
 + Level 2.6 Fighting
 + Level 3.3 Axes
 + Level 3.2 Dodging
 + Level 0.1 Stealth


You had 3 spell levels left.
You didn't know any spells.

Dungeon Overview and Level Annotations

Branches:
Dungeon (3/15)

Altars:


Innate Abilities, Weirdness & Mutations

You are too large for most types of armour.
You have claws for hands.
Your metabolism is lightning-fast.
You like to eat raw meat.
Your natural rate of healing is unusually fast.
You are covered in fur. (AC +1)
You have very tough skin. (AC +2)


Message History

* * * LOW HITPOINT WARNING * * *
You hit the orc priest but do no damage.
You hit the orc but do no damage. The orc completely misses you.
The orc priest hits you with a trident!
* * * LOW HITPOINT WARNING * * *
You hit the orc priest.
The orc priest is lightly wounded.
You hit the orc. The orc misses you.
The orc priest miscasts a cantrip.
The orc closely misses you.
You barely miss the orc priest.
The orc priest is lightly wounded.
You closely miss the orc. The orc priest closely misses you.
The orc closely misses you.
You closely miss the orc priest.
The orc priest is lightly wounded.
You hit the orc.
The orc priest calls down the wrath of Beogh upon you.
Beogh smites you!
You die...

.o.........r...
..o...........
#.#..........
............
#.....r....
##..........
#...<.......
#o##.#######
#.@og# #.##.#
#....# #.####
#.# #.# ###


You could see an orc priest, an orc, a hobgoblin and a rat.

Vanquished Creatures
  2 adders (D:2)
  A worm (D:2)
  4 dart slugs
  A leopard gecko (D:2)
  2 orcs (D:3)
  3 goblins
  3 hobgoblins
  13 jackals
  5 kobolds
  3 bats
  2 frilled lizards (D:2)
  3 rats
42 creatures vanquished.

Vanquished Creatures (others)
  A kobold (D:1)
1 creature vanquished.

Grand Total: 43 creatures vanquished

Notes
Turn   | Place    | Note
-------+----------+-------------------------------------------
     0 | D:1      | Schiappus the Troll Berserker began the quest for the Orb.
     0 | D:1      | Reached XP level 1. HP: 22/22 MP: 0/0
   187 | D:1      | Reached XP level 2. HP: 28/29 MP: 1/1
   536 | D:1      | Reached XP level 3. HP: 31/36 MP: 2/2
  1455 | D:2      | Reached XP level 4. HP: 44/44 MP: 3/3
  2029 | D:2      | Reached ** piety under Trog
  2090 | D:3      | Killed from afar by an orc priest

Skill      XL: |  1  2  3 |
---------------+----------+-----
Axes           | 3 |  3.3
Dodging        | 3 |  3.2
Fighting       | |  2.6
Stealth        | |  0.1

Action                   |  1- 3 |  4- 6 || total
-------------------------+-------+-------++-------
Melee: Hand axe          |    95 |    26 ||   121
  Use: Scroll            |       |     6 ||     6
  Eat: Chunk             |    18 |       ||    18
Armor: Animal skin       |    46 |    17 ||    63
Dodge: Dodged            |    84 |    29 ||   113
